 Dungeon Crawl Stone Soup version 0.22.1-2-g9c5b331383 (webtiles) character file.

391419 Peloso the Hoplite (level 22, -3/188 HPs)
             Began as a Minotaur Fighter on Dec 20, 2018.
             Was the Champion of Okawaru.
             Slain by a cyan very ugly thing (7 damage)
             ... on level 4 of the Vaults on Dec 21, 2018.
             The game lasted 03:05:06 (64246 turns).

Peloso the Hoplite (Minotaur Fighter)              Turns: 64246, Time: 03:05:07

Health: -3/188     AC: 28    Str: 31    XL:     22   Next: 10%
Magic:  23/23      EV: 19    Int:  3    God:    Okawaru [******]
Gold:   5757       SH: 33    Dex: 23    Spells: 21/21 levels left

rFire    . . .     SeeInvis .   b - +9 double sword (elec)
rCold    + . .     Gourm    .   T - +2 large shield {reflect}
rNeg     . . .     Faith    .   D - +0 storm dragon scales
rPois    .         Spirit   .   (helmet restricted)
rElec    +         Reflect  +   r - +2 cloak {MR+}
rCorr    .         Harm     .   k - +2 pair of gloves {Str+3}
MR       ++...     Rnd*Rage +   m - +1 pair of boots {run}
Stlth    +.........             U - +3 amulet of reflection
HPRegen  0.41/turn              Z - ring of Bijinihe {rC+ Int-2 Dex+6 Stlth+}
MPRegen  0.18/turn              R - ring of Okhlemm {+Fly AC+5 Dex+4}

@: quick
A: retaliatory headbutt, hooves 1, horns 2, berserk 1, deformed body, frail 1
}: 2/15 runes: barnacled, gossamer
a: Heroism, Finesse, Renounce Religion, Evoke Flight


You were on level 4 of the Vaults.
You worshipped Okawaru.
Okawaru was exalted by your worship.
You were hungry.

You visited 8 branches of the dungeon, and saw 39 of its levels.
You also visited: Sewer, Ossuary and Ice Cave.

You collected 6040 gold pieces.
You spent 283 gold pieces at shops.

Inventory:

Hand Weapons
 a - a +8 double sword of protection
 b - a +9 double sword of electrocution (weapon)
 C - a +2 demon blade of flaming
 N - the +8 scimitar of Ydorchij {flame, rC+ Stlth+}
   (You took it off a deep elf demonologist on level 3 of the Elven Halls)

   It has been specially enchanted to burn those struck by it, causing extra
   injury to most foes and up to half again as much damage against particularly
   susceptible opponents.
   Big, fiery blades are also staple armaments of hydra-hunters.
   It protects you from cold.
   It makes you more stealthy.
Armour
 g - a +0 plate armour of magic resistance
 k - a +2 pair of gloves of strength (worn)
 m - a +1 pair of boots of running (worn)
 p - a +2 cloak of poison resistance
 r - a +2 cloak of magic resistance (worn)
 A - +0 fire dragon scales
 D - +0 storm dragon scales (worn)
 E - a scarf of cloud immunity
 I - a +2 hat of see invisible
 O - a +1 shield of protection
 T - a +2 large shield of reflection (worn)
 W - a +0 plate armour of magic resistance
Jewellery
 c - the ring of Anam {rElec MR+}
   (You found it on level 1 of the Vaults)

   [ring of protection from magic]

   It insulates you from electricity.
   It affects your resistance to hostile enchantments.
 y - an uncursed ring of see invisible
 z - an uncursed ring of protection from magic
 B - an uncursed ring of protection from fire
 F - an uncursed ring of protection from cold
 L - an uncursed ring of resist corrosion
 M - an uncursed ring of protection from fire
 R - the ring of Okhlemm (right hand) {+Fly AC+5 Dex+4}
   (You found it on level 4 of the Shoals)

   [ring of protection]

   It affects your AC (+5).
   It affects your dexterity (+4).
   It lets you fly.
 U - a +3 amulet of reflection (around neck)
 Z - the ring of Bijinihe (left hand) {rC+ Int-2 Dex+6 Stlth+}
   (You took it off a deep elf death mage on level 3 of the Elven Halls)

   [ring of protection from cold]

   It affects your intelligence (-2).
   It affects your dexterity (+6).
   It protects you from cold.
   It makes you more stealthy.
Wands
 H - a wand of paralysis (8)
 Q - a wand of digging (5)
 S - a wand of polymorph (28)
 V - a wand of scattershot (6)
 Y - a wand of acid (9)
Scrolls
 e - 16 scrolls of remove curse
 h - a scroll of fog
 j - 3 scrolls of noise
 n - 2 scrolls of brand weapon
 o - a scroll of enchant armour
 s - 17 scrolls of identify
 u - 6 scrolls of teleportation
 x - 5 scrolls of fear
 G - 9 scrolls of magic mapping
 J - 2 scrolls of blinking
 P - a scroll of holy word {unknown}
 X - 3 scrolls of silence {unknown}
Potions
 d - 5 potions of might
 i - 6 potions of resistance
 l - 2 potions of berserk rage
 q - 14 potions of agility
 t - 3 potions of curing
 v - 10 potions of haste
 w - 3 potions of flight
 K - 4 potions of invisibility
Comestibles
 f - 53 rations


   Skills:
 + Level 20.0 Fighting
 + Level 21.4 Long Blades
   Level 6.6 Axes
 + Level 17.3 Armour
 + Level 11.6 Dodging
 + Level 3.6 Stealth
 + Level 26.3 Shields
 + Level 2.7 Invocations
 + Level 2.5 Evocations


You had 21 spell levels left.
You didn't know any spells.
Your spell library contained the following spells:

 Spells                   Type           Power        Failure   Level  Hunger
 Animate Skeleton         Necr           N/A          86%         1    ##.....
 Apportation              Tloc           #.....       86%         1    ##.....
 Confusing Touch          Hex            #.....       86%         1    ##.....
 Corona                   Hex            #......      86%         1    ##.....
 Flame Tongue             Conj/Fire      #....        86%         1    ##.....
 Freeze                   Ice            #...         86%         1    ##.....
 Magic Dart               Conj           #...         86%         1    ##.....
 Pain                     Necr           #...         86%         1    ##.....
 Sting                    Conj/Pois      #...         86%         1    ##.....
 Summon Butterflies       Summ           #.......     86%         1    ##.....
 Summon Small Mammal      Summ           #...         86%         1    ##.....
 Call Imp                 Summ           #.......     95%         2    ###....
 Ensorcelled Hibernation  Hex/Ice        #.....       95%         2    ###....
 Passwall                 Tmut/Erth      #.......     95%         2    ###....
 Poisonous Vapours        Pois/Air       #.....       95%         2    ###....
 Searing Ray              Conj           #.....       95%         2    ###....
 Sublimation of Blood     Necr           #.........   95%         2    ###....
 Swiftness                Chrm/Air       #.......     95%         2    ###....
 Throw Flame              Conj/Fire      #.....       95%         2    ###....
 Throw Frost              Conj/Ice       #.....       95%         2    ###....
 Call Canine Familiar     Summ           #.......     99%         3    ####...
 Confuse                  Hex            #.......     99%         3    ####...
 Conjure Flame            Conj/Fire      #.......     99%         3    ####...
 Dazzling Spray           Conj/Hex       #.....       99%         3    ####...
 Gell's Gravitas          Tloc           #.........   99%         3    ####...
 Ignite Poison            Fire/Tmut/Pois #.......     99%         3    ####...
 Inner Flame              Hex/Fire       #.......     99%         3    ####...
 Lesser Beckoning         Tloc           #.........   99%         3    ####...
 Mephitic Cloud           Conj/Pois/Air  #.......     99%         3    ####...
 Ozocubu's Armour         Chrm/Ice       #.......     99%         3    ####...
 Portal Projectile        Hex/Tloc       #.....       99%         3    ####...
 Recall                   Summ/Tloc      N/A          99%         3    ####...
 Regeneration             Chrm/Necr      #.........   99%         3    ####...
 Summon Guardian Golem    Hex/Summ       #.......     99%         3    ####...
 Tukima's Dance           Hex            #.......     99%         3    ####...
 Vampiric Draining        Necr           #.........   99%         3    ####...
 Animate Dead             Necr           N/A          100%        4    #####..
 Force Lance              Conj/Tloc      #.......     100%        4    #####..
 Fulminant Prism          Conj/Hex       #.........   100%        4    #####..
 Ice Form                 Ice/Tmut       #.......     100%        4    #####..
 Iskenderun's Mystic Bla  Conj           #.......     100%        4    #####..
 Olgreb's Toxic Radiance  Pois           #.......     100%        4    #####..
 Passage of Golubria      Tloc           N/A          100%        4    #####..
 Petrify                  Tmut/Erth      #.......     100%        4    #####..
 Sticky Flame             Conj/Fire      #.......     100%        4    #####..
 Summon Ice Beast         Ice/Summ       #.......     100%        4    #####..
 Summon Lightning Spire   Summ/Air       #.......     100%        4    #####..
 Throw Icicle             Conj/Ice       #.......     100%        4    #####..
 Alistair's Intoxication  Tmut/Pois      #.......     100%        5    ######.
 Aura of Abjuration       Summ           #.........   100%        5    ######.
 Fireball                 Conj/Fire      #.........   100%        5    ######.
 Irradiate                Conj/Tmut      #.........   100%        5    ######.
 Lee's Rapid Deconstruct  Erth           #.........   100%        5    ######.
 Metabolic Englaciation   Hex/Ice        #.........   100%        5    ######.
 Summon Demon             Summ           #.........   100%        5    ######.
 Summon Forest            Summ/Tloc      #.........   100%        5    ######.
 Summon Mana Viper        Hex/Summ       #.......     100%        5    ######.
 Venom Bolt               Conj/Pois      #.........   100%        5    ######.
 Bolt of Cold             Conj/Ice       #.........   100%        6    #######
 Darkness                 Hex            #.........   100%        6    #######
 Dispersal                Tloc           #.........   100%        6    #######
 Freezing Cloud           Conj/Ice/Air   #.........   100%        6    #######
 Hydra Form               Tmut           #.........   100%        6    #######
 Invisibility             Hex            #.......     100%        6    #######
 Ozocubu's Refrigeration  Ice            #.........   100%        6    #######
 Shadow Creatures         Summ           N/A          100%        6    #######
 Simulacrum               Ice/Necr       #.........   100%        6    #######
 Statue Form              Tmut/Erth      #........    100%        6    #######
 Dragon Form              Tmut           #.........   100%        7    #######
 Malign Gateway           Summ/Tloc      #.........   100%        7    #######
 Monstrous Menagerie      Summ           #.........   100%        7    #######
 Summon Greater Demon     Summ           #.........   100%        7    #######
 Controlled Blink         Tloc           N/A          100%        8    #######
 Disjunction              Tloc           #.........   100%        8    #######
 Summon Horrible Things   Summ           #.........   100%        8    #######


Dungeon Overview and Level Annotations

Branches:
Dungeon (15/15)            Temple (1/1) D:6            Lair (6/6) D:9
 Shoals (4/4) Lair:2       Spider (4/4) Lair:2        Slime (0/5) Lair:6
    Orc (2/2) D:10            Elf (3/3) Orc:2        Vaults (4/5) D:14
  Crypt (0/3) Vaults:3     Depths (0/5) D:15

Altars:
Ashenzari
Cheibriados
Dithmenos
Elyvilon
Fedhas
Gozag
Hepliaklqana
Kikubaaqudgha
Makhleb
Nemelex Xobeh
Okawaru
Qazlal
Ru
Sif Muna
Trog
Uskayaw
Vehumet
Wu Jian
Xom
Yredelemnul
Zin
The Shining One
Beogh

Shops:
D:10 [!   Orc:2 !}%   Elf:1 (   Elf:2 =   Vaults:2 *

Annotations:
D:9 1 runed door
D:11 3 runed doors
Lair:4 1 runed door, Qiteh's ghost, journeyman GrMo


Innate Abilities, Weirdness & Mutations

You reflexively headbutt those who attack you in melee.
You have a pair of horns on your head.
You have large cloven feet.
You tend to lose your temper in combat.
Armour fits poorly on your strangely shaped body.
You are frail. (-10% HP)


Message History

A white ugly thing comes into view.
The deep elf annihilator casts a spell.
The deep elf annihilator blinks!
The white ugly thing gurgles horribly!
You carve the orc warrior like a ham!!!
Lightning courses through the orc warrior!
You kill the orc warrior!
Okawaru accepts your kill.
You block the cyan very ugly thing's attack.
Unknown command.
You dice the two-headed ogre like an onion!!!
You kill the two-headed ogre!
Okawaru accepts your kill.
You hear a shout!
A white ugly thing comes into view.
The deep elf annihilator gestures at you while chanting.
The iron shot hits you!
* * * LOW HITPOINT WARNING * * *
The cyan very ugly thing gores you!
You die...

#######....####....# ##....
.....###..##..##..# ###....
.......#'#....# ####......
.........###..# ###........
...........######o.........
........e......po..po......
..........)c....D...o......
..##++####o###+#########...
. #@# #... #u# #... #u#
#... #u# #... #u# #... #u#
#... .###+####u# #...
........uu# #...
..........# #...


You could see 2 very ugly things, a yaktaur captain, an orc knight, a deep elf
annihilator and 6 ugly things.

Vanquished Creatures
  Mennas (Vaults:3)
  Saint Roka (Vaults:3)
  Margery (Vaults:2)
  The ghost of Jiecvoet the Hoplite, a veteran GrFi of Okawaru (Vaults:1)
  Jory (Vaults:3)
  A lich (Vaults:4)
  2 deep elf master archers (Elf:3)
  2 deep elf blademasters (Elf:3)
  The ghost of Utisinig the Brawler, an adept TrMo of Okawaru (Spider:1)
  3 sphinxes
  A shadow dragon (D:15)
  Gastronok (Lair:2)
  2 krakens (Shoals:3)
  A storm dragon (D:15)
  Roxanne (Elf:1)
  Ilsuiw (Shoals:4)
  2 frost giants
  2 fire giants
  3 ghost moths
  7 emperor scorpions
  5 deep elf sorcerers
  5 vault wardens
  2 deep elf elementalists
  4 orc warlords
  8 ironheart preservers
  6 stone giants
  8 very ugly things
  13 deep elf demonologists
  6 deep elf annihilators
  3 entropy weavers
  A spark wasp (Spider:2)
  2 ettins
  13 deep elf death magi
  3 merfolk javelineers
  The ghost of coier1 the Fighter, a journeyman GnWn of Okawaru (D:12)
  2 blizzard demons (IceCv)
  5 fire dragons
  Snorg (Lair:4)
  2 deep elf high priests (Elf:1)
  9 yaktaur captains
  11 merfolk impalers
  4 rakshasas
  3 hydras
  4 vault guards
  5 ice dragons
  4 merfolk avatars
  3 ogre magi
  A catoblepas (D:15)
  3 merfolk aquamancers
  30 dancing weapons
  2 alligator snapping turtles
  A queen ant (Spider:3)
  8 centaur warriors
  16 two-headed ogres
  A death yak (shapeshifter) (Vaults:3)
  A deep troll earth mage (Vaults:3)
  2 death knights (D:15)
  2 tengu warriors
  6 orc high priests
  Urug (D:10)
  33 deep elf knights
  Nergalle (D:10)
  2 hell knights (Vaults:2)
  2 shadow wraiths
  A fire crab (D:15)
  3 skeletal warriors
  2 wizards
  5 unseen horrors
  A glowing orange brain (Vaults:1)
  10 sea snakes
  3 deep trolls (Vaults:3)
  2 phantasmal warriors
  11 ironbrand convokers
  20 deep elf archers
  4 necromancers
  2 flayed ghosts (Vaults:3)
  A harpy (shapeshifter) (Elf:3)
  A wolf spider zombie (D:15)
  12 harpies
  22 orc knights
  71 deep elf magi
  27 wolf spiders
  9 orb spiders
  5 fauns (Shoals:1)
  A cyclops (shapeshifter) (Elf:1)
  14 manticores
  11 slime creatures
  9 orc sorcerers
  41 ugly things
  8 cyclopes
  5 oklob plants
  A mana viper (shapeshifter) (Vaults:2)
  A moth of wrath (Spider:3)
  4 elephants
  4 black mambas
  8 water nymphs
  9 merfolk sirens
  A guardian serpent (shapeshifter) (D:15)
  10 vault sentinels
  2 ice statues (IceCv)
  5 torpor snails
  A torpor snail (shapeshifter) (D:15)
  A gargoyle (D:11)
  A rime drake (shapeshifter) (Elf:1)
  16 spiny frogs
  2 freezing wraiths
  9 komodo dragons
  A yaktaur (shapeshifter) (D:15)
  A rime drake (Lair:4)
  8 demonic crawlers
  2 efreet (D:15)
  A kobold demonologist (D:15)
  12 ice devils (IceCv)
  26 yaktaurs
  An anaconda simulacrum (IceCv)
  A queen bee (Lair:3)
  16 trolls
  A golden dragon simulacrum (IceCv)
  4 polar bears
  3 wind drakes
  22 jumping spiders
  11 hornets
  22 merfolk
  11 blink frogs
  6 dream sheep
  16 snapping turtles
  14 hippogriffs
  4 air elementals
  A spriggan (shapeshifter) (D:15)
  15 spriggans (Lair:6)
  4 flying skulls (D:9)
  68 redbacks
  2 centaur simulacra (D:15)
  A meliai zombie (D:12)
  30 tarantellas
  6 shadows
  6 wyverns
  3 basilisks
  20 water elementals
  7 wraiths
  56 yaks
  Grum (D:10)
  A human (D:10)
  3 steam dragons
  2 fire elementals (Elf:2)
  3 hungry ghosts
  3 golden eyes (shapeshifter)
  8 vampire mosquitoes
  2 harpy simulacra (IceCv)
  12 wargs
  4 acid dragons (D:15)
  An iron troll simulacrum (IceCv)
  11 soldier ants (Spider:3)
  27 water moccasins
  A floating eye (shapeshifter) (D:15)
  5 hydra simulacra (IceCv)
  6 porcupines
  6 black bears (Lair:6)
  3 sky beasts
  Purgy (Sewer)
  A phantom (D:5)
  A black bear (shapeshifter) (Elf:2)
  44 orc warriors
  30 wolves
  An eye of draining (shapeshifter) (D:14)
  2 ice beasts
  2 necrophages
  16 ogres
  4 boggarts (Lair:6)
  16 centaurs
  12 crocodiles
  2 big kobolds (D:11)
  An elf zombie (D:8)
  6 earth elementals
  A gnoll sergeant (D:6)
  21 bullfrogs
  2 wyvern zombies (D:9)
  3 water moccasin zombies (Ossuary)
  2 wyvern skeletons
  5 scorpions
  A troll zombie (D:8)
  37 killer bees
  A howler monkey (D:6)
  19 wights
  8 electric eels
  8 crimson imps
  A lava snake (D:13)
  4 centaur zombies
  3 bullfrog zombies
  A quasit (D:15)
  2 bullfrog skeletons
  A human simulacrum (Vaults:1)
  17 hounds
  An iron imp (D:9)
  34 orc wizards
  3 human zombies (D:8)
  16 jellies
  28 orc priests
  A yaktaur simulacrum (Vaults:1)
  9 centaur skeletons
  A human skeleton (D:8)
  7 iguanas
  37 worker ants
  3 hound zombies
  2 hound skeletons
  2 mummies (Ossuary)
  A worker ant zombie (D:9)
  A howler monkey skeleton (D:9)
  25 adders
  8 gnolls
  7 shadow imps
  5 oozes
  An adder skeleton (D:6)
  10 adder zombies
  2 worms
  A dart slug (D:5)
  7 leopard geckos
  141 orcs
  2 giant cockroaches (D:3)
  2 gnoll zombies (Ossuary)
  5 goblins
  19 hobgoblins
  6 jackals
  16 kobolds
  3 quokkas
  4 ball pythons
  5 bats
  8 frilled lizards
  5 hobgoblin zombies (Ossuary)
  3 kobold zombies (Ossuary)
  2 leopard gecko skeletons (D:4)
  12 orc zombies
  2 quokka skeletons (D:9)
  4 rats
  5 crawling corpses (Elf:1)
  A fire vortex (D:13)
  2 fungi
  7 plants
1899 creatures vanquished.

Vanquished Creatures (others)
  Nessos (D:13)
  3 merfolk javelineers
  A merfolk aquamancer (Shoals:3)
  2 deep elf knights
  An unseen horror (D:15)
  A deep elf archer (Vaults:1)
  A deep elf mage (Vaults:2)
  A manticore (Shoals:4)
  A faun (Shoals:1)
  3 cyclopes
  7 yaktaurs
  A merfolk (Shoals:2)
  A jumping spider (Spider:1)
  A water elemental (Elf:1)
  A centaur (Vaults:3)
  2 killer bees
  2 orc wizards
  An orc (Vaults:4)
  3 fungi
  4 plants
  9 tentacles (Shoals:3)
47 creatures vanquished.

Grand Total: 1946 creatures vanquished

Notes
Turn   | Place    | Note
-------+----------+-------------------------------------------
     0 | D:1      | Peloso the Minotaur Fighter began the quest for the Orb.
     0 | D:1      | Reached XP level 1. HP: 19/19 MP: 0/0
    72 | D:1      | Reached XP level 2. HP: 23/27 MP: 1/1
   409 | D:1      | Reached skill level 4 in Shields
   409 | D:1      | Reached XP level 3. HP: 29/33 MP: 2/2
   788 | D:2      | Reached skill level 1 in Axes
  1088 | D:2      | Reached XP level 4. HP: 36/40 MP: 3/3
  1762 | D:3      | Reached XP level 5. HP: 19/46 MP: 4/4
  2237 | D:3      | Reached skill level 1 in Dodging
  2499 | D:4      | Reached skill level 5 in Shields
  2578 | D:4      | HP: 1/46 [orc wizard/magic dart (3)]
  2591 | D:4      | Reached skill level 5 in Armour
  2636 | D:4      | Reached XP level 6. HP: 7/52 MP: 5/5
  3065 | D:4      | Found a sand-covered staircase.
  3070 | Ossuary  | Entered an ossuary
  3734 | Ossuary  | Reached XP level 7. HP: 12/60 MP: 6/6
  4249 | D:5      | Entered Level 5 of the Dungeon
  4308 | D:5      | Reached skill level 5 in Axes
  4398 | D:5      | Reached skill level 6 in Shields
  4503 | D:5      | Found a glowing drain.
  4518 | Sewer    | Entered a sewer
  4620 | Sewer    | Noticed Purgy
  4652 | Sewer    | Killed Purgy
  4805 | D:5      | Reached skill level 5 in Fighting
  4805 | D:5      | Reached XP level 8. HP: 54/68 MP: 7/7
  4842 | D:5      | Found a shimmering altar of Xom.
  5206 | D:5      | Found a sacrificial altar of Ru.
  5812 | D:6      | Reached skill level 7 in Shields
  6174 | D:6      | Found a staircase to the Ecumenical Temple.
  6274 | D:6      | Reached skill level 8 in Shields
  6474 | Temple   | Entered the Ecumenical Temple
  6483 | Temple   | Became a worshipper of Warmaster Okawaru
  6835 | D:7      | Reached skill level 5 in Long Blades
  6874 | D:7      | Reached XP level 9. HP: 75/75 MP: 8/8
  7312 | D:7      | Reached skill level 9 in Shields
  8276 | D:8      | Reached * piety under Okawaru
  8354 | D:8      | Found a basalt altar of Yredelemnul.
  8912 | D:8      | Found a glowing golden altar of the Shining One.
  8931 | D:8      | Reached XP level 10. HP: 75/84 MP: 9/9
  9133 | D:9      | Reached ** piety under Okawaru
  9133 | D:9      | Reached skill level 10 in Shields
  9655 | D:9      | Found a staircase to the Lair.
  9739 | D:9      | Found a snail-covered altar of Cheibriados.
  9756 | D:9      | Noticed a two-headed ogre
  9781 | D:9      | Killed a two-headed ogre
  9781 | D:9      | Reached *** piety under Okawaru
  9781 | D:9      | Reached skill level 1 in Evocations
  9957 | D:9      | Noticed a necromancer
  9960 | D:9      | Noticed a necromancer
 10036 | D:9      | Killed a necromancer
 10061 | D:9      | Reached skill level 11 in Shields
 10080 | D:9      | Reached **** piety under Okawaru
 10290 | D:9      | Reached skill level 10 in Long Blades
 10324 | D:9      | Killed a necromancer
 10324 | D:9      | Reached XP level 11. HP: 19/94 MP: 0/11
 10677 | D:9      | Reached skill level 10 in Armour
 10808 | D:9      | Found a sparkling altar of Nemelex Xobeh.
 10811 | D:9      | Found a blossoming altar of Fedhas.
 10833 | D:9      | Found a runed door.
 10833 | D:9      | Found a glowing golden altar of the Shining One.
 10833 | D:9      | Noticed an angel
 11010 | D:10     | Entered Level 10 of the Dungeon
 11010 | D:10     | Noticed Nergalle
 11028 | D:10     | Killed Nergalle
 11061 | D:10     | Found Sifuz's Distillery.
 11156 | D:10     | Found Vitzuen's Antique Armour Emporium.
 11211 | D:10     | Noticed Grum
 11225 | D:10     | Killed Grum
 11225 | D:10     | Reached skill level 1 in Invocations
 11236 | D:9      | Found a burning altar of Makhleb.
 11236 | D:9      | Found an ancient bone altar of Kikubaaqudgha.
 11366 | D:10     | Noticed Urug
 11448 | D:9      | Identified a scroll of acquirement
 11722 | D:10     | Killed Urug
 11722 | D:10     | Reached ***** piety under Okawaru
 11764 | D:10     | Found a staircase to the Orcish Mines.
 12241 | D:10     | Found a shadowy altar of Dithmenos.
 12297 | D:10     | Reached skill level 12 in Shields
 12572 | D:11     | Noticed a two-headed ogre
 12584 | D:11     | Killed a two-headed ogre
 12632 | D:11     | Noticed a tengu warrior
 12659 | D:11     | Killed a tengu warrior
 12911 | D:11     | Found a runed gate.
 12920 | D:11     | Found a runed gate.
 12921 | D:11     | Found a runed gate.
 12922 | D:11     | Noticed a red ugly thing
 12922 | D:11     | Noticed a purple ugly thing
 12922 | D:11     | Noticed a cyan very ugly thing
 12922 | D:11     | Noticed a white ugly thing
 12926 | D:11     | Noticed a purple ugly thing
 12926 | D:11     | Noticed a cyan ugly thing
 13133 | D:11     | Reached XP level 12. HP: 104/105 MP: 10/12
 14754 | D:12     | Reached skill level 13 in Shields
 14829 | D:12     | Received a gift from Okawaru
 14866 | D:12     | Found a runed door.
 14867 | D:12     | Noticed coier1's ghost (journeyman GnWn)
 15446 | Lair:1   | Entered Level 1 of the Lair of Beasts
 15476 | Lair:1   | Reached skill level 1 in Stealth
 15913 | Lair:1   | Reached skill level 5 in Dodging
 15981 | Lair:1   | Reached skill level 10 in Fighting
 16213 | Lair:1   | Received a gift from Okawaru
 16406 | Lair:2   | Found a hole to the Spider Nest.
 16726 | Lair:2   | Reached XP level 13. HP: 88/113 MP: 10/13
 16949 | Lair:2   | Noticed Gastronok
 16960 | Lair:2   | Killed Gastronok
 17099 | Lair:2   | Found a staircase to the Shoals.
 17125 | Lair:2   | Reached ****** piety under Okawaru
 17824 | Lair:3   | Reached skill level 14 in Shields
 19599 | Lair:3   | Received a gift from Okawaru
 19900 | Lair:4   | Noticed Snorg
 19920 | Lair:4   | Killed Snorg
 19946 | Lair:4   | Found a runed door.
 19953 | Lair:4   | Noticed Qiteh's ghost (journeyman GrMo)
 20020 | Lair:4   | Reached skill level 15 in Shields
 21466 | D:12     | Killed coier1's ghost
 21552 | D:13     | Found an iron altar of Okawaru.
 21567 | D:13     | Reached XP level 14. HP: 124/124 MP: 14/14
 22067 | D:13     | Noticed Nessos
 22072 | D:13     | Killed Nessos
 22870 | D:14     | Found a gate to the Vaults.
 24114 | D:15     | Entered Level 15 of the Dungeon
 24174 | D:14     | Received a gift from Okawaru
 24460 | D:15     | Reached skill level 16 in Shields
 25627 | Lair:6   | Entered Level 6 of the Lair of Beasts
 25646 | Lair:6   | Received a gift from Okawaru
 25812 | Lair:6   | Found a staircase to the Slime Pits.
 25998 | Lair:6   | Reached skill level 15 in Long Blades
 26420 | Lair:6   | Reached skill level 17 in Shields
 26739 | Lair:6   | Reached XP level 15. HP: 114/133 MP: 15/15
 27508 | Orc:1    | Entered Level 1 of the Orcish Mines
 27508 | Orc:1    | Noticed an orc warlord
 27667 | D:10     | Killed an orc warlord
 27667 | D:10     | Received a gift from Okawaru
 28376 | Orc:2    | Entered Level 2 of the Orcish Mines
 28465 | Orc:2    | Found a staircase to the Elven Halls.
 28519 | Orc:2    | Noticed an orc warlord
 28539 | Orc:2    | Killed an orc warlord
 28755 | Orc:2    | Noticed an orc warlord
 28781 | Orc:2    | Killed an orc warlord
 28784 | Orc:2    | Received a gift from Okawaru
 28828 | Orc:2    | Identified a +0 pair of boots of running (Okawaru gifted it
                  | to you on level 2 of the Orcish Mines)
 29048 | Orc:2    | Found Faxty's Food Emporium.
 29402 | Orc:2    | Reached skill level 18 in Shields
 29494 | Orc:2    | Found Bufaim's Gadget Boutique.
 30090 | Orc:2    | Found Jasoasulei's Magic Scroll Boutique.
 30094 | Orc:2    | Found Ruczeat's Distillery.
 30506 | D:15     | Found a staircase to the Depths.
 30583 | D:15     | Found a deep blue altar of Sif Muna.
 30584 | D:15     | Found a sparkling altar of Nemelex Xobeh.
 30584 | D:15     | Found a basalt altar of Yredelemnul.
 31261 | D:15     | Received a gift from Okawaru
 31313 | D:15     | Reached XP level 16. HP: 85/144 MP: 16/16
 31356 | D:15     | Noticed a storm dragon
 31379 | D:15     | Killed a storm dragon
 31735 | D:15     | Noticed a shadow dragon
 31751 | D:15     | Killed a shadow dragon
 32058 | D:15     | Got a blackened battleaxe
 32266 | D:15     | Reached skill level 19 in Shields
 32897 | Lair:1   | Identified the +4 battleaxe "Pyroz" {freeze, *Contam rElec
                  | Dex+3} (You found it on level 15 of the Dungeon)
 33055 | Spider:1 | Entered Level 1 of the Spider Nest
 33456 | Spider:1 | Found a runed door.
 33456 | Spider:1 | Found a shimmering altar of Xom.
 33456 | Spider:1 | Noticed Utisinig's ghost (adept TrMo)
 33526 | Spider:1 | Killed Utisinig's ghost
 33776 | Spider:2 | Received a gift from Okawaru
 34213 | Spider:2 | Got a slimy lajatang
 34214 | Spider:2 | Identified the +4 lajatang "Zukokij" {protect, rC+ Str+5}
                  | (You found it on level 2 of the Spider Nest)
 34854 | Spider:3 | Reached skill level 20 in Shields
 35532 | Spider:3 | Reached XP level 17. HP: 141/154 MP: 17/17
 35974 | Spider:4 | Entered Level 4 of the Spider Nest
 36374 | Spider:4 | Received a gift from Okawaru
 36961 | Spider:4 | Reached skill level 15 in Fighting
 37278 | Spider:4 | Reached skill level 21 in Shields
 37551 | Spider:4 | Got a gossamer rune of Zot
 38145 | Shoals:1 | Entered Level 1 of the Shoals
 38254 | Shoals:1 | Received a gift from Okawaru
 38468 | Shoals:1 | Reached skill level 15 in Armour
 39813 | Shoals:2 | Reached skill level 10 in Dodging
 40403 | Shoals:3 | Noticed a kraken
 40416 | Shoals:3 | Killed a kraken
 40416 | Shoals:3 | Reached XP level 18. HP: 82/166 MP: 18/18
 41671 | Shoals:4 | Entered Level 4 of the Shoals
 41697 | Shoals:4 | Found a frozen archway.
 41887 | IceCv    | Entered an ice cave
 42135 | IceCv    | Received a gift from Okawaru
 42473 | IceCv    | Got a warped scale mail
 42588 | IceCv    | Identified the +5 scale mail "Utwa" {rN+} (You found it in
                  | an ice cave)
 42671 | Shoals:4 | Got a clouded brass ring
 42961 | Shoals:4 | Reached skill level 22 in Shields
 43201 | Shoals:4 | Noticed Ilsuiw
 43900 | Shoals:4 | Killed Ilsuiw
 45335 | Shoals:4 | HP: 1/167 [water nymph/the raging water (17)]
 46335 | Shoals:4 | Got a barnacled rune of Zot
 47631 | Lair:1   | Identified the ring of Okhlemm {+Fly AC+5 Dex+4} (You found
                  | it on level 4 of the Shoals)
 47749 | Elf:1    | Entered Level 1 of the Elven Halls
 48002 | Elf:1    | Found an ancient bone altar of Kikubaaqudgha.
 48032 | Elf:1    | Noticed Roxanne
 48078 | Elf:1    | Received a gift from Okawaru
 48630 | Elf:1    | Reached XP level 19. HP: 21/174 MP: 19/19
 48634 | Elf:1    | Received a gift from Okawaru
 48635 | Elf:1    | Found the +8 demon blade "Leech" {vamp, rN+ AC-3 EV-3}
 49153 | Elf:1    | Found Caedwauh's Weapon Boutique.
 49388 | Elf:1    | Killed Roxanne
 50131 | Elf:2    | Found Haroll's Jewellery Shoppe.
 50183 | Elf:2    | Received a gift from Okawaru
 50188 | Elf:2    | Got a tiger eye-encrusted crystal plate armour {god gift}
 50199 | Elf:2    | Identified the +1 crystal plate armour of Taups {rElec
                  | rPois Dex+3 Slay-5} (Okawaru gifted it to you on level 2 of
                  | the Elven Halls)
 50384 | Elf:2    | Reached skill level 23 in Shields
 51039 | Elf:2    | Found a huge runed gate.
 51039 | Elf:2    | Found a huge runed gate.
 51039 | Elf:2    | Found a huge runed gate.
 51039 | Elf:2    | Found a huge runed gate.
 51039 | Elf:2    | Found a huge runed gate.
 52729 | Elf:3    | Entered Level 3 of the Elven Halls
 53974 | Elf:3    | Gained mutation: You occasionally shout uncontrollably at
                  | your foes. [a neqoxec]
 53976 | Elf:3    | Gained mutation: Armour fits poorly on your strangely
                  | shaped body. [a neqoxec]
 53981 | Elf:3    | Gained mutation: You are occasionally teleported next to
                  | monsters. [a neqoxec]
 54242 | Elf:3    | Received a gift from Okawaru
 54246 | Elf:3    | Noticed a Brimstone Fiend
 54248 | Elf:3    | Reached XP level 20. HP: 187/187 MP: 20/20
 54991 | Elf:3    | HP: 9/187 [soul eater/drain life[a deep elf demonologist]
                  | (4)]
 55442 | Elf:3    | Got a crystal scimitar {flame}
 55449 | Elf:3    | Identified the +8 scimitar of Ydorchij {flame, rC+ Stlth+}
                  | (You took it off a deep elf demonologist on level 3 of the
                  | Elven Halls)
 55649 | Elf:3    | Reached skill level 24 in Shields
 55901 | Elf:3    | Got a wavering bone ring
 55903 | Elf:3    | Identified the ring of Bijinihe {rC+ Int-2 Dex+6 Stlth+}
                  | (You took it off a deep elf death mage on level 3 of the
                  | Elven Halls)
 56108 | Lair:1   | Lost mutation: You occasionally shout uncontrollably at
                  | your foes. [potion of mutation]
 56108 | Lair:1   | Lost mutation: You are occasionally teleported next to
                  | monsters. [potion of mutation]
 56108 | Lair:1   | Gained mutation: You are frail. (-10% HP) [potion of
                  | mutation]
 56108 | Lair:1   | Gained mutation: You have large cloven feet. [potion of
                  | mutation]
 56406 | Elf:3    | Got a jewelled glaive {flame}
 56421 | Elf:3    | Identified the +4 glaive of Famine {flame, MR- Int+5 Dex+6}
                  | (You took it off a deep elf demonologist on level 3 of the
                  | Elven Halls)
 57508 | Vaults:1 | Entered Level 1 of the Vaults
 57557 | Vaults:1 | Gained mutation: You tend to lose your temper in combat. [a
                  | neqoxec]
 57990 | Vaults:1 | Found the +3 hat of Pondering {ponderous, MR+ MP+10 Int+5}
 58071 | Vaults:1 | Found a runed gate.
 58071 | Vaults:1 | Found a runed gate.
 58071 | Vaults:1 | Noticed Jiecvoet's ghost (veteran GrFi)
 58072 | Vaults:1 | Found a runed gate.
 58126 | Vaults:1 | Found a roughly hewn altar of Beogh.
 58161 | Vaults:1 | Received a gift from Okawaru
 58342 | Vaults:1 | Killed Jiecvoet's ghost
 58535 | Vaults:1 | Got an ancient war axe {freeze}
 58535 | Vaults:1 | Got a steaming plate armour
 58569 | Vaults:1 | Identified the +3 war axe "Hiroigho" {freeze, Int+2 SInv}
                  | (You took it off an orc warlord on level 1 of the Vaults)
 58578 | Vaults:1 | Got a translucent jade ring
 58580 | Vaults:1 | Identified the ring of Anam {rElec MR+} (You found it on
                  | level 1 of the Vaults)
 58592 | Vaults:1 | Identified the +2 plate armour of the Hanged Man {Str-5
                  | Dex+5} (You took it off an orc warlord on level 1 of the
                  | Vaults)
 58651 | Vaults:1 | Got a translucent flail
 58652 | Vaults:1 | Identified the +5 flail of Contradiction {protect, rPois
                  | rN+++ MR- Str-2} (You found it on level 1 of the Vaults)
 59309 | Vaults:1 | Found the +7 longbow "Piercer" {penet, EV-2}
 59613 | Vaults:2 | Reached skill level 25 in Shields
 59825 | Vaults:1 | Reached XP level 21. HP: 167/176 MP: 21/21
 59874 | Vaults:2 | Noticed Margery
 59895 | Vaults:2 | Killed Margery
 59895 | Vaults:2 | Received a gift from Okawaru
 61064 | Vaults:2 | Found Pinewud's General Store.
 61073 | Vaults:2 | Bought a scroll of blinking for 157 gold pieces
 61073 | Vaults:2 | Bought a scroll of teleportation for 63 gold pieces
 61073 | Vaults:2 | Bought a scroll of teleportation for 63 gold pieces
 61262 | Vaults:2 | Received a gift from Okawaru
 61941 | Vaults:3 | Noticed Mennas
 61968 | Vaults:3 | Killed Mennas
 62031 | Vaults:3 | Noticed Jory
 62045 | Vaults:3 | Noticed Saint Roka
 62061 | Vaults:3 | Killed Jory
 62595 | Vaults:3 | Reached skill level 26 in Shields
 63176 | Vaults:3 | Received a gift from Okawaru
 63202 | Vaults:3 | Killed Saint Roka
 63732 | Vaults:3 | Found a staircase to the Crypt.
 63732 | Vaults:3 | Found a basalt altar of Yredelemnul.
 63733 | Vaults:3 | Found an ancient bone altar of Kikubaaqudgha.
 64140 | Vaults:4 | Reached XP level 22. HP: 155/188 MP: 23/23
 64246 | Vaults:4 | HP: 4/188 [deep elf annihilator/iron shot[an ironheart
                  | preserver] (60)]
 64246 | Vaults:4 | Slain by a cyan very ugly thing

Skill      XL: |  1  2  3  4  5  6  7  8  9 10 11 12 13 14 15 16 17 18 19 20 21 22 |
---------------+-------------------------------------------------------------------+-----
Armour         | 4 5 6 7 8 9 11 12 13 14 15 16 17 | 17.3
Long Blades    | 3 5 8 10 11 13 14 15 16 17 18 19 20 21 | 21.4
Shields        | 4 5 6 8 9 11 12 13 15 17 18 20 21 22 23 25 26 | 26.3
Axes           | 1 2 4 6 |  6.6
Fighting       | 4 5 6 8 9 10 11 12 13 14 15 16 18 19 20 | 20.0
Dodging        | 1 2 3 4 5 6 8 9 10 11 | 11.6
Evocations     | 1 2 |  2.5
Invocations    | 1 2 |  2.7
Stealth        | 1 2 3 |  3.6

Action                   |  1- 3 |  4- 6 |  7- 9 | 10-12 | 13-15 | 16-18 | 19-21 | 22-24 || total
-------------------------+-------+-------+-------+-------+-------+-------+-------+-------++-------
Melee: Long sword        |    19 |       |    17 |       |       |       |       |       ||    36
       Headbutt          |    13 |    52 |   112 |   245 |   396 |   537 |   518 |    15 ||  1888
       Hand axe          |    69 |   215 |   199 |       |       |       |       |       ||   483
       Falchion          |       |       |   307 |   913 |   978 |       |       |       ||  2198
       Scimitar          |       |       |       |       |   398 |    22 |   380 |       ||   800
       Double sword      |       |       |       |       |   466 |  1822 |  1190 |    48 ||  3526
Invok: Heroism           |       |       |       |    11 |     9 |     8 |     6 |       ||    34
       Finesse           |       |       |       |       |       |       |     1 |       ||     1
Evoke: Wand              |       |     2 |       |    20 |     4 |     3 |     2 |       ||    31
  Use: Scroll            |     3 |     7 |     5 |    11 |     7 |    14 |    18 |       ||    65
       Potion            |       |     3 |     5 |     1 |     3 |     9 |     1 |       ||    22
 Stab: Distracted        |       |       |       |       |     1 |       |     1 |       ||     2
  Eat: Chunk             |       |     6 |    11 |    24 |    33 |    43 |    42 |       ||   159
       Ration            |       |     1 |     2 |     1 |     4 |     4 |     2 |       ||    14
Armor: Scale mail        |    43 |    17 |       |       |       |       |       |       ||    60
       Chain mail        |       |    80 |   205 |   277 |    95 |       |       |       ||   657
       Ice dragon scales |       |       |       |       |   399 |    44 |       |       ||   443
       Storm dragon scal |       |       |       |       |       |   654 |   424 |     3 ||  1081
Dodge: Dodged            |    24 |    53 |   125 |   252 |   519 |   717 |   441 |    10 ||  2141
Block: Shield            |    57 |   112 |   307 |   580 |  1525 |  1911 |  1296 |       ||  5788
       Reflection        |       |       |       |       |    35 |    78 |   171 |       ||   284
       Large shield      |       |       |       |       |       |       |   298 |    62 ||   360
       Rpst.: Falchion   |       |       |    23 |    56 |    77 |       |       |       ||   156
       Long sword        |       |       |     1 |       |       |       |       |       ||     1
       Scimitar          |       |       |       |       |    26 |       |    39 |       ||    65
       Double sword      |       |       |       |       |    36 |   128 |    51 |     1 ||   216
